 Dungeon Crawl Stone Soup version 0.19-a0-1827-g174f941 (webtiles) character file.

65 JustSomeDude the Skirmisher (level 3, -2/29 HPs)
             Began as a Demonspawn Fighter on Sept 25, 2016.
             Slain by a worm (6 damage)
             ... on level 2 of the Dungeon on Oct 7, 2016.
             The game lasted 00:03:35 (973 turns).

JustSomeDude the Skirmisher (Demonspawn Fighter)     Turns: 973, Time: 00:03:36

Health: -2/29      AC:  6    Str: 17    XL:     3   Next: 92%
Magic:  3/3        EV:  6    Int:  9    God:
Gold:   86         SH:  8    Dex: 12    Spells: 0 memorised, 2 levels left

rFire  . . .     SeeInvis .     a - +0 trident
rCold  . . .     Gourm    .     b - +0 scale mail
rNeg   . . .     Faith    .     c - +0 shield
rPois  .         Spirit   .     (no helmet)
rElec  .         Dismiss  .     (no cloak)
rCorr  .         Reflect  .     (no gloves)
MR     .....     Harm     .     (no boots)
Stlth  ..........               (no amulet)
                                (no ring)
                                (no ring)

@: no status effects
A: demonic guardian 1
a: no special abilities


You were on level 2 of the Dungeon.
You were not hungry.

You visited 1 branch of the dungeon, and saw 2 of its levels.

You collected 86 gold pieces.

Inventory:

Hand Weapons
 a - a +0 trident (weapon)
Missiles
 j - 6 tomahawks (quivered)
Armour
 b - a +0 scale mail (worn)
 c - a +0 shield (worn)
Scrolls
 e - a scroll of identify {unknown}
 i - a scroll of blinking {unknown}
 l - a scroll of random uselessness {unknown}
 n - a scroll of enchant weapon {unknown}
 s - a scroll of enchant armour {unknown}
Potions
 d - a potion of might
 k - a potion of cancellation {unknown}
 m - a potion of curing {unknown}
 q - 2 potions of heal wounds {unknown}
 t - a potion of magic {unknown}
Books
 r - a Grand Grimoire

   Spells                             Type                      Level
   a - Monstrous Menagerie            Summoning                    7
   b - Summon Greater Demon           Summoning                    7
   c - Malign Gateway                 Summoning/Translocation      7
   d - Summon Horrible Things         Summoning                    8
Comestibles
 f - a bread ration
 g - 2 beef jerkies
 h - 2 chunks of flesh
 o - a meat ration
 p - a royal jelly


   Skills:
 + Level 3.3 Fighting
 + Level 3.1 Polearms
 + Level 3.1 Armour
 + Level 2.8 Shields


You had 2 spell levels left.
You didn't know any spells.

Dungeon Overview and Level Annotations

Branches:
Dungeon (2/15)

Altars:


Innate Abilities, Weirdness & Mutations

A weak demonic guardian rushes to your aid.


Message History

You are too injured to fight recklessly!
You are too injured to fight recklessly!
You hit the worm but do no damage.
The worm is lightly wounded.
You block the worm's attack.
You hit the worm.
The worm is lightly wounded.
Your scale mail prevents you from hitting the worm.
The worm is lightly wounded.
You block the worm's attack.
You puncture the worm!
The worm is heavily wounded.
The worm bites you.
* * * LOW HITPOINT WARNING * * *
You hit the worm.
The worm is heavily wounded.
You hit the worm.
The worm is severely wounded.
The worm bites you.
You die...

#. #?# #. #.. ...
#. #.# .. #.
#.##.### #. #.#..
.### #. #.#.# ...
#. #.#.##.# #.
#..@w??# #.
#######..##......#
#.
#........##.##...#
#. #.######....#
### #. #.#
##.#....# #) #.#
.###### #. #.# ..
#. #.# .## #. #.#
.# #.


You could see a worm.

Vanquished Creatures
  2 adders (D:2)
  A worm (D:2)
  3 dart slugs (D:1)
  4 leopard geckos
  2 giant cockroaches
  2 goblins (D:1)
  3 hobgoblins (D:1)
  A quokka (D:2)
  3 bats
  4 frilled lizards
  3 kobolds
  10 rats
38 creatures vanquished.

Notes
Turn   | Place    | Note
-------+----------+-------------------------------------------
     0 | D:1      | JustSomeDude the Demonspawn Fighter began the quest for the Orb.
     0 | D:1      | Reached XP level 1. HP: 18/18 MP: 1/1
   235 | D:1      | Gained mutation: A weak demonic guardian rushes to your aid. [demonic ancestry]
   235 | D:1      | Reached XP level 2. HP: 21/24 MP: 2/2
   657 | D:1      | Reached XP level 3. HP: 25/29 MP: 3/3
   662 | D:1      | Upgraded the game from 0.19-a0-1686-g35356ef to 0.19-a0-1697-g0595f0e
   723 | D:2      | Upgraded the game from 0.19-a0-1697-g0595f0e to 0.19-a0-1714-gcab94ab
   723 | D:2      | Upgraded the game from 0.19-a0-1714-gcab94ab to 0.19-a0-1720-gc855d72
   734 | D:2      | Upgraded the game from 0.19-a0-1720-gc855d72 to 0.19-a0-1740-g0bcaf2e
   734 | D:2      | Upgraded the game from 0.19-a0-1740-g0bcaf2e to 0.19-a0-1827-g174f941
   973 | D:2      | Slain by a worm

Vault maps used:
D:1:      evilmike_arrival_crescent
D:2:      minmay_door_path, minivault_25, minmay_tetromino_o4,
          uniq_crazy_yiuf_cottage, uniq_natasha

Skill      XL: |  1  2  3 |
---------------+----------+-----
Armour         | 3 |  3.1
Polearms       | 2 3 |  3.1
Fighting       | |  3.3
Shields        | |  2.8

Action                   || total
-------------------------++-------
Melee: Trident           ||   113
Armor: Scale mail        ||    27
Dodge: Dodged            ||     9
Block: Shield            ||    43
